 Dungeon Crawl Stone Soup version 0.30-a0-118-ga018f8e90f (webtiles) character file.

Game seed: 3418947055120867714

205 Newt the Cutter (level 5, -1/42 HPs)
             Began as a Demonspawn Gladiator on Sept 13, 2022.
             Killed by divine providence
             ... invoked by an orc priest
              (12 damage)
             ... on level 3 of the Dungeon.
             The game lasted 00:03:15 (3750 turns).

Newt the Cutter (Demonspawn Gladiator)              Turns: 3750, Time: 00:03:15

Health: -1/42      AC:  7    Str: 14    XL:     5   Next: 53%
Magic:  5/5        EV: 12    Int:  9    God:
Gold:   62         SH:  0    Dex: 17    Spells: 4/4 levels left

rFire   . . .      SeeInvis .    r - +1 short sword (drain)
rCold   . . .      Faith    .    (no shield)
rNeg    . . .      Spirit   .    b - +0 leather armour
rPois   .          Reflect  .    c - +0 helmet
rElec   .          Harm     .    (no cloak)
rCorr   .          Rampage  .    n - +0 pair of gloves
Will    .....                    (no boots)
Stlth   ++........               (no amulet)
HPRegen 0.14/turn                (no ring)
MPRegen 0.09/turn                (no ring)

@: no status effects
A: thin metallic scales 1, condensation shield
a: no special abilities


You were on level 3 of the Dungeon.
You visited 1 branch of the dungeon, and saw 3 of its levels.

You collected 62 gold pieces.

Inventory:

Hand Weapons
 a - a +0 rapier
 r - a +1 short sword of draining (weapon)
Missiles
 d - 3 throwing nets (quivered)
 h - 5 poisoned darts
Armour
 b - a +0 leather armour (worn)
 c - a +0 helmet (worn)
 n - a +0 pair of gloves (worn)
Wands
 p - a wand of flame (2)
Scrolls
 f - 2 scrolls of enchant armour {unknown}
 g - 4 scrolls of immolation {unknown}
 k - a scroll of fog {unknown}
 m - a scroll of brand weapon {unknown}
 q - a scroll of teleportation {unknown}
Potions
 e - a potion of heal wounds {unknown}
 i - a potion of brilliance {unknown}
 j - a potion of ambrosia {unknown}
 l - a potion of invisibility {unknown}
 o - 2 potions of curing {unknown}


   Skills:
 - Level 4.0 Fighting
 + Level 4.2 Short Blades
 - Level 1.7 Throwing
 - Level 2.6 Dodging
 - Level 2.0 Stealth


You had 4 spell levels left.
You didn't know any spells.
Your spell library contained the following spells:

 Spells                   Type           Power      Damage    Failure   Level
 Gell's Gravitas          Tloc           0%         N/A       83%         3
 Teleport Other           Tloc           0%         N/A       83%         3
 Dispersal                Tloc           0%         N/A       100%        6


Dungeon Overview and Level Annotations

Branches:
Dungeon (3/15)

Altars:


Innate Abilities, Weirdness & Mutations

You are partially covered in thin metallic scales. (AC +2)
A meltable shield of frost defends you. (SH +0)


Message History

No target in view!
No target in view!
No target in view!
No target in view!
An orc priest comes into view.
It is wielding a +0 hand axe and wearing an orb of mayhem.
An orc priest comes into view. It is wielding a +0 dagger.
There are monsters nearby!
There are monsters nearby!
An orc wizard comes into view. It is wielding a +0 dagger.
The orc priest shouts!
The orc priest calls down the wrath of Beogh upon you.
Beogh smites you!
You hear a shout!
An orc comes into view.
It is wielding a +0 hand axe and wearing a +0 ring mail of poison resistance.
The orc priest mumbles some strange prayers to Beogh against you.
Pain shoots through your body!
The orc priest casts a cantrip, but nothing happens.
An orc comes into view. It is wielding a +0 mace.
Okay, then.
Things that are here:
a +0 war axe; a +0 leather armour; an orc skeleton The orc priest attacks as you move away!
The orc priest hits you but does no damage.
The orc priest attacks as you move away!
You block the orc priest's attack.
Things that are here:
a +0 whip; an orc skeleton The orc wizard attacks as you move away!
You block the orc wizard's attack.
Items here: )))) รทรท.
The orc wizard casts a spell at you. The puff of flame hits you.
Your condensation shield dissipates!
The orc priest casts a cantrip, but nothing happens.
The orc priest invokes the aid of Beogh against you.
Beogh smites you!
* * * LOW HITPOINT WARNING * * *
The orc priest invokes the aid of Beogh against you.
Beogh smites you!
You die...

#####.#..#..............
#.#..#o#####.#######
#.#..#o# #.#..# #.#..))#
#[#..# ###.#.#o.#####.#..#
........o......#..#
###.#.............#
#.###..##.##..^.#
#.###.@.........#
..#.........##.#.##
..........#######)#####
##.####....).)g)......#
#..###.####.###.####
.#######..###.#.##.).......
.................))##..####
..............#.#..##...###
#.######..#####.#..###.....


You could see 2 orc priests, an orc wizard and an orc.

Vanquished Creatures
  2 orc priests (D:3)
  An iguana (D:3)
  Robin (D:3)
  2 adders
  2 worms
  3 dart slugs
  5 orcs (D:3)
  4 bats
  6 endoplasms
  2 giant cockroaches
  16 goblins
  9 hobgoblins
  4 jackals (D:3)
  7 kobolds
  4 quokkas
  2 ball pythons
  A frilled lizard (D:2)
  A rat (D:2)
72 creatures vanquished.

Notes
Turn   | Place    | Note
-------+----------+-------------------------------------------
     0 | D:1      | Newt the Demonspawn Gladiator began the quest for the Orb.
     0 | D:1      | Reached XP level 1. HP: 16/16 MP: 1/1
   151 | D:1      | Reached skill level 1 in Stealth
   212 | D:1      | Gained mutation: You are partially covered in thin metallic
                  | scales. (AC +2) [demonic ancestry]
   212 | D:1      | Reached XP level 2. HP: 5/22 MP: 2/2
   772 | D:1      | Found a faded altar of an unknown god.
  1391 | D:1      | Reached XP level 3. HP: 22/28 MP: 3/3
  2624 | D:3      | Gained mutation: A meltable shield of frost defends you.
                  | (SH +0) [demonic ancestry]
  2624 | D:3      | Reached XP level 4. HP: 15/37 MP: 4/4
  2956 | D:3      | Reached XP level 5. HP: 21/42 MP: 5/5
  3500 | D:3      | Noticed Robin
  3580 | D:3      | Killed Robin
  3750 | D:3      | Killed from afar by an orc priest

Illustrated notes

Levels and vault maps discovered:
D:1:      moated_graveyard_arrival, layout_basic,
          dreamdust_ecumenical_altar_angels_and_demons
D:2:      layout_basic, chequers_serial_rivers_micro_e
D:3:      layout_basic, nrook_loot_triangle, hangedman_decor_clover_reticule,
          uniq_robin

Skill      XL: |  1  2  3  4  5 |
---------------+----------------+-----
Stealth        | 1 2 |  2.0
Fighting       | 4 |  4.0
Short Blades   | 3 4 |  4.2
Throwing       | |  1.7
Dodging        | |  2.6

Action                   |  1- 3 |  4- 6 || total
-------------------------+-------+-------++-------
Melee: Rapier            |   141 |   117 ||   258
       Punch             |     3 |       ||     3
       Short sword       |       |     4 ||     4
Throw: Javelin           |       |     1 ||     1
 Stab: Sleeping          |     4 |     1 ||     5
Armor: Leather armour    |    41 |    45 ||    86
Dodge: Dodged            |    87 |    94 ||   181
Block: Other             |       |    31 ||    31

Table legend: (Time is in decaauts)
 A = Elapsed time spent in this place.
 B = Non-inter-level travel time spent in this place.
 C = Inter-level travel time spent in this place.
 D = Time resting spent in this place.
 E = Time spent auto-exploring this place.
 F = Levels seen in this place.
 G = Mean time per level.
                   A        B        C        D        E       F      G
               +--------+--------+--------+--------+--------+-----+--------+
         Total |   3761 |   3701 |     60 |   1254 |   1883 |   3 | 1253.7 |
       Dungeon |   3761 |   3701 |     60 |   1254 |   1883 |   3 | 1253.7 |
               +--------+--------+--------+--------+--------+-----+--------+

Top non-repeatable levels by time:
     D:1: 1641 daAuts
     D:3: 1250 daAuts
     D:2: 868 daAuts
